 Dungeon Crawl Stone Soup version 0.30.1 (webtiles) character file.

Game seed: 17016279022410647922

5732 RivsDCSS the Basher (level 10, -7/85 HPs)
             Began as a Demonspawn Fighter on July 6, 2023.
             Was a Believer of Nemelex Xobeh.
             Mangled by a skyshark (9 damage)
             ... on level 2 of the Lair of Beasts on July 7, 2023.
             The game lasted 00:28:29 (10321 turns).

RivsDCSS the Basher (Demonspawn Fighter)           Turns: 10321, Time: 00:28:30

Health: -7/85      AC: 18    Str: 30    XL:     10   Next: 48%
Magic:  10/10      EV: 10    Int: 10    God:    Nemelex Xobeh [**....]
Gold:   219        SH:  5    Dex: 13    Spells: 9/9 levels left

rFire   + . .        o - +4 dire flail (protect)
rCold   . . .        (shield currently unavailable)
rNeg    + . .        b - +0 scale mail
rPois   .            i - +1 helmet
rElec   .            (no cloak)
rCorr   .            r - +0 pair of gloves
SInv    .            (no boots)
Will    .....        j - amulet of reflection Stlth
                     B - +6 ring of strength
HPRegen 0.34/turn    I - ring "Joicec" {rF+ rN+ Str+4}
MPRegen 0.12/turn

%: reflection
@: under a protective aura
A: foul stench 1, powered by death 1, sharp scales 2, demonic touch 1
a: Renounce Religion, Draw Escape, Draw Destruction, Draw Summoning


You were on level 2 of the Lair of Beasts.
You worshipped Nemelex Xobeh.
Nemelex Xobeh was pleased with you.
You visited 3 branches of the dungeon, and saw 11 of its levels.

You collected 575 gold pieces.
You spent 356 gold pieces at shops.

Inventory:

Hand Weapons
 e - a +3 morningstar of freezing
 o - a +4 dire flail of protection (weapon)
 D - a +2 dagger of venom
 M - a +0 dire flail of protection
Missiles
 E - 4 javelins (quivered)
 G - 14 poisoned darts
Armour
 b - a +0 scale mail (worn)
 i - a +1 helmet (worn)
 k - a +2 crystal plate armour
 r - a +0 pair of gloves (worn)
Jewellery
 j - an amulet of reflection (around neck)
 B - a +6 ring of strength (left hand)
 I - the ring "Joicec" (right hand) {rF+ rN+ Str+4}
   (You found it on level 5 of the Dungeon)

   [ring of positive energy]

   Str:       It affects your strength (+4).
   rF:        It protects you from fire.
   rN:        It protects you from negative energy.
 N - a +4 ring of protection
 Q - an amulet of magic regeneration
Wands
 a - a wand of charming (7)
 x - a wand of mindburst (3)
 C - a wand of digging (14)
 K - a wand of flame (15)
Scrolls
 c - a scroll of silence {unknown}
 g - 2 scrolls of poison {unknown}
 l - 3 scrolls of vulnerability
 p - 2 scrolls of fear
 q - 3 scrolls of fog {unknown}
 w - 2 scrolls of teleportation
 y - 3 scrolls of magic mapping
 A - 3 scrolls of noise
 H - 2 scrolls of blinking
 J - 4 scrolls of amnesia
 L - a scroll of immolation {unknown}
 O - 2 scrolls of identify
 P - a scroll of enchant armour {unknown}
 R - a scroll of summoning {unknown}
Potions
 d - 3 potions of might
 f - 3 potions of heal wounds
 h - 2 potions of degeneration {unknown}
 m - a potion of berserk rage {unknown}
 n - 2 potions of curing
 s - 2 potions of flight
 t - a potion of cancellation
 u - 2 potions of lignification {unknown}
 v - 2 potions of attraction {unknown}
 z - a potion of magic {unknown}
 F - a potion of mutation {unknown}


   Skills:
 - Level 10.0 Fighting
 + Level 11.8 Maces & Flails
 - Level 2.7 Armour
 - Level 2.7 Shields


You had 9 spell levels left.
You didn't know any spells.
Your spell library contained the following spells:

 Spells                   Type           Power      Damage    Failure   Level
 Freeze                   Ice            0%         1d3       61%         1
 Necrotise                Necr           0%         1d4       61%         1
 Slow                     Hex            0%         N/A       61%         1
 Sting                    Tmut/Pois      0%         1d3       61%         1
 Summon Small Mammal      Summ           0%         N/A       61%         1
 Poisonous Vapours        Pois/Air       0%         N/A       75%         2
 Call Canine Familiar     Summ           0%         N/A       93%         3
 Confusing Touch          Hex            0%         N/A       93%         3
 Frozen Ramparts          Ice            0%         1d1       93%         3
 Hailstorm                Conj/Ice       0%         3d3       93%         3
 Ignite Poison            Fire/Tmut/Pois 0%         N/A       93%         3
 Summon Guardian Golem    Hex/Summ       0%         N/A       93%         3
 Vampiric Draining        Necr           0%         2d6       93%         3
 Olgreb's Toxic Radiance  Pois           0%         N/A       100%        4
 Sticky Flame             Conj/Fire      0%         2d3       100%        4
 Agony                    Necr           0%         N/A       100%        5
 Ignition                 Fire           0%         3d3       100%        8


Dungeon Overview and Level Annotations

Branches:
Dungeon (8/15)             Temple (1/1) D:6            Lair (2/5) D:8
  Swamp: Lair:2-3    Shoals: Lair:2-3     Snake: Lair:2-3    Spider: Lair:2-3

Altars:
Cheibriados
Dithmenos
Fedhas
Gozag
Hepliaklqana
Kikubaaqudgha
Makhleb
Nemelex Xobeh
Okawaru
Qazlal
Ru
Trog
Uskayaw
Vehumet
Wu Jian
Xom
Yredelemnul

Shops:
D:3 !   D:8 ((


Innate Abilities, Weirdness & Mutations

You may rarely emit foul miasma when damaged in melee.
You regenerate a little health from kills.
You are mostly covered in razor-sharp scales. (AC +2, Slay +2)
Your touch may inflict minor irresistible damage on your foes.


Message History

The skyshark bites you.
The skyshark enters a blood-rage!
The skyshark tail-slaps you but does no damage. x2
You barely miss the skyshark.
The skyshark is lightly wounded.
The skyshark bites you!
The skyshark tail-slaps you but does no damage.
The skyshark closely misses you.
You stick the skyshark like a pincushion!!!
The skyshark is heavily wounded.
The skyshark bites you! The skyshark barely misses you.
You block the skyshark's attack.
You puncture the skyshark!
The skyshark is heavily wounded.
The skyshark bites you.
The skyshark tail-slaps you but does no damage.
The skyshark tail-slaps you.
You bludgeon the skyshark!!
The skyshark is severely wounded.
You block the skyshark's attack. x2
The skyshark tail-slaps you but does no damage.
You hit the skyshark.
The skyshark is severely wounded.
The skyshark closely misses you. The skyshark completely misses you.
The skyshark tail-slaps you but does no damage.
You closely miss the skyshark.
The skyshark is severely wounded.
The skyshark bites you.
* * * LOW HITPOINT WARNING * * *
The skyshark tail-slaps you but does no damage. x2
You puncture the skyshark!
The skyshark is severely wounded.
The skyshark bites you but does no damage.
The skyshark closely misses you. The skyshark barely misses you.
You puncture the skyshark!
The skyshark is almost dead.
The skyshark bites you!!
* * * LOW HITPOINT WARNING * * *
The skyshark tail-slaps you!
You die...
Your body glows slightly and disappears.

##........# #......
#........# .......
####.......####...../.
#.#........P##........
##..........##........
#####..........###†[l.....
#.#..............!#.......
.#...............P#...?...
#..............#@l......?.
.#............###.#?......
##...........## #.........
#.#..........# ##........
##..........## ........
##........## .......
##......# ....P.# .....#
......


You could see a skyshark (berserk).

Vanquished Creatures
  2 cane toads (Lair:1)
  2 komodo dragons (Lair:1)
  A hornet (D:8)
  A basilisk (Lair:2)
  11 yaks (D:8)
  A water moccasin (Lair:1)
  An ice beast (D:6)
  2 orc warriors (D:6)
  3 black bears
  3 ogres
  A kobold brigand (D:8)
  5 bullfrogs
  A scorpion (D:6)
  4 wights
  4 killer bees (D:8)
  A howler monkey (D:7)
  2 hounds (D:5)
  A jelly (D:7)
  5 orc priests
  2 gnoll boudas
  9 orc wizards
  Ijyb (D:4)
  3 iguanas (D:6)
  Robin (D:1)
  8 adders
  9 gnolls
  An ufetubus (D:5)
  5 worms (D:2)
  2 dart slugs (D:1)
  25 orcs
  12 endoplasms
  4 giant cockroaches
  15 goblins
  6 hobgoblins
  8 kobolds
  5 quokkas
  11 ball pythons
  7 bats
  3 frilled lizards
  7 rats
195 creatures vanquished.

Notes
Turn   | Place    | Note
-------+----------+-------------------------------------------
     0 | D:1      | RivsDCSS the Demonspawn Fighter began the quest for the
                  | Orb.
     0 | D:1      | Reached XP level 1. HP: 18/18 MP: 1/1
    73 | D:1      | Reached skill level 2 in Maces & Flails
   197 | D:1      | Gained mutation: You are partially covered in razor-sharp
                  | scales. (AC +1, Slay +1) [demonic ancestry]
   197 | D:1      | Reached XP level 2. HP: 24/24 MP: 2/2
   301 | D:1      | Reached XP level 3. HP: 26/29 MP: 3/3
  1123 | D:2      | Noticed Robin
  1164 | D:1      | Killed Robin
  1165 | D:1      | Reached skill level 3 in Maces & Flails
  1165 | D:1      | Gained mutation: Your touch may inflict minor irresistible
                  | damage on your foes. [demonic ancestry]
  1165 | D:1      | Reached XP level 4. HP: 37/37 MP: 4/4
  2257 | D:3      | Gained mutation: You may rarely emit foul miasma when
                  | damaged in melee. [demonic ancestry]
  2257 | D:3      | Reached XP level 5. HP: 41/43 MP: 5/5
  2366 | D:3      | Reached skill level 5 in Fighting
  2366 | D:3      | Reached skill level 4 in Maces & Flails
  2616 | D:3      | Found Zyepn's Distillery.
  2627 | D:3      | Bought a potion of heal wounds for 50 gold pieces
  2627 | D:3      | Bought a potion of flight for 30 gold pieces
  2627 | D:3      | Bought a potion of cancellation for 80 gold pieces
  2632 | D:3      | Found a faded altar of an unknown god.
  2950 | D:4      | Found a basalt altar of Yredelemnul.
  3055 | D:3      | Reached XP level 6. HP: 51/51 MP: 6/6
  3688 | D:4      | Noticed Ijyb
  3701 | D:4      | Killed Ijyb
  4155 | D:5      | Entered Level 5 of the Dungeon
  4175 | D:5      | Identified the +5 ring mail "Ewu Vauz" {Dex+3}
  4432 | D:4      | Reached skill level 5 in Maces & Flails
  4432 | D:4      | Gained mutation: You are mostly covered in razor-sharp
                  | scales. (AC +2, Slay +2) [demonic ancestry]
  4432 | D:4      | Reached XP level 7. HP: 11/58 MP: 7/7
  4613 | D:5      | Identified the ring "Joicec" {rF+ rN+ Str+4}
  4716 | D:5      | Found a hide-covered altar of Uskayaw.
  5186 | D:6      | Reached skill level 6 in Maces & Flails
  5240 | D:6      | Gained mutation: You regenerate a little health from kills.
                  | [demonic ancestry]
  5240 | D:6      | Reached XP level 8. HP: 34/67 MP: 8/8
  5462 | D:6      | Found a staircase to the Ecumenical Temple.
  5468 | Temple   | Entered the Ecumenical Temple
  5767 | Temple   | Became a worshipper of Nemelex Xobeh the Trickster
  6432 | D:6      | Found a blossoming altar of Fedhas.
  6715 | D:7      | Found a shimmering altar of Xom.
  6716 | D:7      | Noticed a hornet
  6890 | D:7      | Reached skill level 7 in Maces & Flails
  6960 | D:6      | Identified 2 scrolls of acquirement
  6964 | D:6      | Acquired a +2 crystal plate armour
  6968 | D:6      | Acquired an amulet of reflection
  6987 | D:7      | Paralysed by a hornet for 2 turns
  7773 | D:7      | Reached XP level 9. HP: 70/75 MP: 9/9
  8030 | D:8      | Reached * piety under Nemelex Xobeh
  8177 | D:8      | Reached skill level 8 in Maces & Flails
  8447 | D:8      | Reached skill level 10 in Fighting
  8447 | D:8      | Reached skill level 9 in Maces & Flails
  8464 | D:8      | Found a hazy altar of Hepliaklqana.
  8590 | D:8      | Found Noblyovi's Antique Weapon Emporium.
  8794 | D:8      | Bought a runed dire flail for 196 gold pieces
  8883 | D:8      | Found Ydghing's Firing Range.
  8954 | D:8      | Found a staircase to the Lair.
  9076 | D:8      | Reached skill level 10 in Maces & Flails
  9082 | D:8      | Reached XP level 10. HP: 69/85 MP: 10/10
  9200 | Lair:1   | Entered Level 1 of the Lair of Beasts
  9272 | Lair:1   | Received a gift from Nemelex Xobeh
  9287 | Lair:1   | Noticed a cane toad
  9298 | Lair:1   | Killed a cane toad
  9299 | Lair:1   | Reached skill level 11 in Maces & Flails
  9383 | Lair:1   | Noticed a cane toad
  9627 | Lair:1   | Killed a cane toad
 10199 | Lair:2   | Reached ** piety under Nemelex Xobeh
 10288 | Lair:2   | Noticed a skyshark
 10321 | Lair:2   | HP: 2/85 [skyshark (21)]
 10321 | Lair:2   | Mangled by a skyshark

Illustrated notes

Levels and vault maps discovered:
D:1:      psy_arrival_wood_between_worlds, layout_loops_corners, minmay_vboxes
D:2:      minmay_wonky_spiral, layout_loops_cross, uniq_robin
D:3:      layout_rooms, ebering_ecumenical_altar_petrified, serial_shops,
          nicolae_shop_industrial_runoff
D:4:      layout_gridville, mainiacjoe_overflow_concentric_impassable, uniq_ijyb
D:5:      layout_gridville, nicolae_uskayaw_murder_on_the_dancefloor
D:6:      layout_cave_pods, nicolae_overflow_crystal_walls,
          minmay_temple_entry_grid, kennysheep_generic_room_13
D:7:      layout_rooms, kennysheep_mini, minmay_fractal_squares_5
D:8:      layout_loops_corners, mainiacjoe_overflow_alcove_2, lair_entry_dummy,
          serial_shops, shop, nicolae_shop_firing_range
Temple:   oiseaux_autumnal_temple
Lair:1:   layout_roguey
Lair:2:   layout_cave_pods, skrybe_swamp_entry_bodies, grunt_megastairs_3

Skill      XL: |  1  2  3  4  5  6  7  8  9 10 |
---------------+-------------------------------+-----
Maces & Flails | 2 3 4 5 6 7 10 11 | 11.8
Fighting       | 4 5 6 7 8 10 | 10.0
Armour         | |  2.7
Shields        | |  2.7

Action                     |  1- 3 |  4- 6 |  7- 9 | 10-12 || total
---------------------------+-------+-------+-------+-------++-------
  Melee: Flail             |   112 |   211 |       |       ||   323
         Dagger            |       |    30 |   260 |       ||   290
         Dire flail        |       |       |    42 |    57 ||    99
         Touch             |       |       |    16 |       ||    16
         Morningstar       |       |       |    54 |       ||    54
         Punch             |       |       |     2 |       ||     2
 Invoke: Draw Escape       |       |       |       |     1 ||     1
         Draw Destruction  |       |       |       |     1 ||     1
    Use: Potion            |       |     2 |     3 |       ||     5
         Scroll            |       |       |    10 |     1 ||    11
 Armour: Scale mail        |    52 |   105 |   173 |    32 ||   362
  Dodge: Dodged            |    55 |   112 |   148 |    21 ||   336
  Block: Buckler           |    29 |    70 |    41 |       ||   140
         Other             |       |       |    26 |    12 ||    38
